[ AOE2 MATCH · #478063285 ]
UnrankedHuns vs Mapuche
[ REPLAY ANALYSIS · EXTRACTED FROM THE RECORDED GAME ]
Feudal
10:06
Castle
14:36
Imperial
29:08
| APM avg | 36.2 |
| APM peak | 73 |
| eAPM avg | 18.1 |
| Villagers / military | 152 / 591 |
Focus
⚔️ 35.0% · 🌾 65.0%
Scout Cavalry ×311 · Cavalry Archer ×176 · Knight ×97 · Skirmisher ×5 · Monk ×2
Feudal
10:57
Castle
14:37
Imperial
25:59
| APM avg | 59.0 |
| APM peak | 132 |
| eAPM avg | 37.6 |
| Villagers / military | 148 / 371 |
Focus
⚔️ 37.2% · 🌾 62.8%
Longbowman ×198 · Skirmisher ×154 · Trebuchet (Packed) ×13 · Spearman ×4 · Petard ×2
Feudal
11:08
Castle
14:51
Imperial
31:22
| APM avg | 39.0 |
| APM peak | 84 |
| eAPM avg | 23.5 |
| Villagers / military | 148 / 595 |
Focus
⚔️ 35.0% · 🌾 65.0%
Bolas Rider ×374 · Spearman ×187 · Trade Cart ×32 · Trebuchet (Packed) ×24 · Petard ×10
Feudal
10:33
Castle
13:57
Imperial
27:23
| APM avg | 30.4 |
| APM peak | 87 |
| eAPM avg | 18.8 |
| Villagers / military | 150 / 204 |
Focus
⚔️ 34.6% · 🌾 65.4%
Knight ×108 · Hand Cannoneer ×50 · Scout Cavalry ×34 · Camel Scout ×10 · Trebuchet (Packed) ×2
Feudal
8:28
Castle
22:20
Imperial
37:49
| APM avg | 33.3 |
| APM peak | 67 |
| eAPM avg | 21.3 |
| Villagers / military | 169 / 220 |
Focus
⚔️ 30.1% · 🌾 69.9%
Spearman ×131 · Boyar ×41 · Trade Cart ×25 · Scorpion ×22 · Battering Ram ×20 · Monk ×5
Feudal
—
Castle
—
Imperial
—
| APM avg | 57.4 |
| APM peak | 104 |
| eAPM avg | 32.7 |
| Villagers / military | 167 / 198 |
Focus
⚔️ 35.0% · 🌾 65.0%
Knight ×71 · Militia ×67 · Scout Cavalry ×37 · Spearman ×15 · Mangonel ×4 · Battering Ram ×3
Feudal
12:05
Castle
15:40
Imperial
31:07
| APM avg | 54.2 |
| APM peak | 116 |
| eAPM avg | 36.5 |
| Villagers / military | 167 / 528 |
Focus
⚔️ 39.0% · 🌾 61.0%
Knight ×255 · Spearman ×110 · Throwing Axeman ×79 · Scout Cavalry ×76 · Trade Cart ×53 · Monk ×4
Feudal
10:34
Castle
14:05
Imperial
28:55
| APM avg | 56.9 |
| APM peak | 103 |
| eAPM avg | 33.5 |
| Villagers / military | 292 / 530 |
Focus
⚔️ 37.4% · 🌾 62.6%
Scout Cavalry ×274 · Skirmisher ×204 · Archer ×39 · Bombard Cannon ×12 · Mangonel ×1
Match map
Initial resources + every placement click. Lines = walls · curves = elevation contours. ◆ gold · ⬟ stone · ● berries · ✦ relic · ◌ wall gap
Your base· ✓ Closed at 14:36 · 0t walls · 2 gate(s)
[GDL] Perro del Mal's base· ✓ Closed at 14:37 · 0t walls · 3 gate(s)
Dott_Berlu's base· ✓ Closed at 14:51 · 0t walls · 3 gate(s)
Lethe's base· ✓ Closed at 13:57 · 11t walls · 4 gate(s)
HSL | LuxRay's base· ✓ Closed at 22:20 · 8t walls · 4 gate(s)
CoterLee's base· ✓ Closed at 11:39 · 45t walls · 2 gate(s)
Zaffo's base· ✓ Closed at 15:40 · 0t walls · 6 gate(s)
Melo's base· ✓ Closed at 14:05 · 0t walls · 2 gate(s)
Smoothed initial terrain · ◌ = detected wall gap · hover for details
Inputs per minute
— Sgt. Love - - [GDL] Perro del Mal
Build order — Sgt. Love
First 150 of 508 actions detected
| 0:01 | Create | Villager (Male) |
| 0:01 | Create | Villager (Male) |
| 0:09 | Create | Villager (Male) |
| 0:09 | Create | Villager (Male) |
| 1:18 | Create | Villager (Male) |
| 1:47 | Build | Lumber Camp |
| 1:55 | Create | Villager (Male) |
| 1:55 | Create | Villager (Male) |
| 2:15 | Create | Villager (Male) |
| 2:49 | Create | Villager (Male) |
| 2:58 | Create | Villager (Male) |
| 3:29 | Create | Villager (Male) |
| 3:40 | Create | Villager (Male) |
| 3:40 | Create | Villager (Male) |
| 4:25 | Build | Mill |
| 4:28 | Create | Villager (Male) |
| 4:29 | Create | Villager (Male) |
| 4:29 | Create | Villager (Male) |
| 5:10 | Create | Villager (Male) |
| 5:10 | Create | Villager (Male) |
| 5:11 | Create | Villager (Male) |
| 5:51 | Create | Villager (Male) |
| 6:09 | Create | Villager (Male) |
| 6:30 | Build | Mill |
| 6:41 | Create | Villager (Male) |
| 6:51 | Create | Villager (Male) |
| 7:42 | Research | Feudal Age |
| 7:42 | Research | Feudal Age |
| 7:58 | Create | Villager (Male) |
| 8:43 | Build | Mining Camp |
| 10:04 | Create | Villager (Male) |
| 10:06 | Age | Feudal Age |
| 10:10 | Build | Market |
| 10:14 | Create | Villager (Male) |
| 10:57 | Build | Blacksmith |
| 11:17 | Build | Lumber Camp |
| 11:27 | Create | Villager (Male) |
| 11:56 | Research | Castle Age |
| 11:56 | Research | Castle Age |
| 12:46 | Research | Horse Collar |
| 12:49 | Build | Farm |
| 12:52 | Build | Farm |
| 12:54 | Build | Farm |
| 12:58 | Build | Farm |
| 13:06 | Build | Farm |
| 13:10 | Build | Farm |
| 13:52 | Research | Double-Bit Axe |
| 14:36 | Age | Castle Age |
| 14:38 | Build | Town Center |
| 14:44 | Create | Villager (Male) |
| 14:45 | Create | Villager (Male) |
| 14:52 | Build | Town Center |
| 15:13 | Build | Farm |
| 15:24 | Build | Farm |
| 15:26 | Create | Villager (Male) |
| 15:31 | Create | Villager (Male) |
| 15:31 | Create | Villager (Male) |
| 15:32 | Create | Villager (Male) |
| 15:51 | Build | Farm |
| 16:07 | Create | Villager (Male) |
| 16:08 | Create | Villager (Male) |
| 16:12 | Build | Farm |
| 16:13 | Build | Farm |
| 16:15 | Create | Villager (Male) |
| 16:42 | Build | Farm |
| 16:45 | Build | Farm |
| 16:48 | Build | Farm |
| 16:51 | Create | Villager (Male) |
| 16:51 | Create | Villager (Male) |
| 16:55 | Build | Farm |
| 16:56 | Create | Villager (Male) |
| 16:56 | Create | Villager (Male) |
| 16:58 | Build | Farm |
| 17:03 | Build | Farm |
| 17:10 | Create | Villager (Male) |
| 17:10 | Create | Villager (Male) |
| 17:18 | Create | Villager (Male) |
| 17:23 | Build | Farm |
| 17:24 | Build | Farm |
| 17:32 | Create | Villager (Male) |
| 17:32 | Create | Villager (Male) |
| 17:49 | Create | Villager (Male) |
| 17:50 | Create | Villager (Male) |
| 17:50 | Create | Villager (Male) |
| 18:04 | Build | Barracks |
| 18:05 | Create | Villager (Male) |
| 18:05 | Create | Villager (Male) |
| 18:12 | Build | Farm |
| 18:16 | Build | Farm |
| 18:17 | Build | Farm |
| 18:20 | Build | Farm |
| 18:23 | Build | Farm |
| 18:25 | Build | Farm |
| 18:27 | Build | Farm |
| 18:28 | Create | Villager (Male) |
| 18:28 | Create | Villager (Male) |
| 18:29 | Create | Villager (Male) |
| 18:35 | Create | Villager (Male) |
| 18:35 | Create | Villager (Male) |
| 18:48 | Create | Villager (Male) |
| 18:49 | Create | Villager (Male) |
| 18:53 | Build | Farm |
| 18:57 | Build | Farm |
| 18:58 | Build | Farm |
| 19:06 | Create | Villager (Male) |
| 19:06 | Create | Villager (Male) |
| 19:06 | Create | Villager (Male) |
| 19:16 | Build | Stable |
| 19:21 | Create | Villager (Male) |
| 19:21 | Create | Villager (Male) |
| 19:24 | Create | Villager (Male) |
| 19:37 | Create | Villager (Male) |
| 19:38 | Create | Villager (Male) |
| 19:49 | Build | Stable |
| 19:51 | Create | Villager (Male) |
| 19:51 | Create | Villager (Male) |
| 19:56 | Build | Farm |
| 19:56 | Build | Farm |
| 20:04 | Create | Knight |
| 20:14 | Create | Villager (Male) |
| 20:15 | Create | Villager (Male) |
| 20:21 | Research | Forging |
| 20:34 | Create | Villager (Male) |
| 20:35 | Create | Villager (Male) |
| 20:40 | Build | Mill |
| 20:41 | Build | Farm |
| 20:41 | Build | Farm |
| 20:41 | Build | Farm |
| 20:41 | Build | Farm |
| 20:41 | Build | Farm |
| 20:42 | Build | Farm |
| 20:42 | Build | Farm |
| 20:42 | Build | Farm |
| 20:42 | Build | Farm |
| 20:43 | Build | Farm |
| 21:08 | Create | Villager (Male) |
| 21:09 | Create | Villager (Male) |
| 21:09 | Create | Villager (Male) |
| 21:10 | Create | Villager (Male) |
| 21:10 | Create | Villager (Male) |
| 21:20 | Build | Mining Camp |
| 21:25 | Build | Farm |
| 21:26 | Build | Farm |
| 21:27 | Build | Farm |
| 21:28 | Create | Villager (Male) |
| 21:29 | Create | Villager (Male) |
| 21:29 | Create | Villager (Male) |
| 21:36 | Build | Farm |
| 21:58 | Create | Villager (Male) |
| 21:58 | Create | Villager (Male) |
Build order — [GDL] Perro del Mal
First 150 of 658 actions detected
| 0:01 | Create | Villager (Male) |
| 0:01 | Create | Villager (Male) |
| 0:02 | Create | Villager (Male) |
| 0:02 | Create | Villager (Male) |
| 0:03 | Build | House |
| 0:05 | Build | House |
| 1:21 | Create | Villager (Male) |
| 1:22 | Create | Villager (Male) |
| 1:51 | Create | Villager (Male) |
| 1:51 | Create | Villager (Male) |
| 1:54 | Build | Lumber Camp |
| 2:00 | Create | Villager (Male) |
| 2:01 | Create | Villager (Male) |
| 2:01 | Create | Villager (Male) |
| 2:24 | Create | Villager (Male) |
| 2:25 | Create | Villager (Male) |
| 2:36 | Create | Villager (Male) |
| 2:37 | Create | Villager (Male) |
| 3:01 | Create | Villager (Male) |
| 3:01 | Create | Villager (Male) |
| 3:33 | Create | Villager (Male) |
| 3:33 | Create | Villager (Male) |
| 3:49 | Build | House |
| 3:55 | Create | Villager (Male) |
| 3:59 | Create | Villager (Male) |
| 3:59 | Create | Villager (Male) |
| 4:20 | Build | Mill |
| 4:49 | Create | Villager (Male) |
| 4:49 | Create | Villager (Male) |
| 4:49 | Create | Villager (Male) |
| 4:50 | Create | Villager (Male) |
| 5:17 | Create | Villager (Male) |
| 5:17 | Create | Villager (Male) |
| 5:53 | Create | Villager (Male) |
| 5:54 | Build | House |
| 6:02 | Create | Villager (Male) |
| 6:26 | Create | Villager (Male) |
| 6:26 | Create | Villager (Male) |
| 6:27 | Create | Villager (Male) |
| 6:28 | Build | Mill |
| 8:00 | Build | Mining Camp |
| 8:17 | Research | Feudal Age |
| 8:22 | Create | Villager (Male) |
| 8:40 | Research | Feudal Age |
| 8:58 | Build | Farm |
| 9:01 | Build | Farm |
| 9:17 | Build | House |
| 9:42 | Create | Villager (Male) |
| 9:42 | Create | Villager (Male) |
| 10:57 | Age | Feudal Age |
| 11:03 | Build | Market |
| 11:05 | Build | Blacksmith |
| 11:57 | Research | Castle Age |
| 12:09 | Research | Double-Bit Axe |
| 12:39 | Research | Horse Collar |
| 14:37 | Age | Castle Age |
| 14:41 | Build | Castle |
| 14:43 | Create | Villager (Male) |
| 14:49 | Research | Bow Saw |
| 14:53 | Create | Villager (Male) |
| 15:16 | Create | Villager (Male) |
| 15:18 | Build | Town Center |
| 15:22 | Create | Villager (Male) |
| 15:36 | Build | Farm |
| 15:40 | Build | Farm |
| 15:46 | Build | Farm |
| 15:54 | Build | Mining Camp |
| 16:03 | Create | Villager (Male) |
| 16:14 | Research | Padded Archer Armor |
| 16:17 | Research | Fletching |
| 16:17 | Research | Fletching |
| 16:18 | Create | Longbowman |
| 16:39 | Create | Villager (Male) |
| 16:50 | Build | Farm |
| 16:51 | Build | Farm |
| 16:52 | Create | Longbowman |
| 17:00 | Create | Villager (Male) |
| 17:05 | Create | Villager (Male) |
| 17:09 | Build | Farm |
| 17:11 | Create | Longbowman |
| 17:29 | Create | Longbowman |
| 17:39 | Create | Petard |
| 17:51 | Create | Villager (Male) |
| 17:54 | Build | Farm |
| 17:55 | Build | Farm |
| 18:01 | Build | Farm |
| 18:02 | Build | Farm |
| 18:18 | Create | Petard |
| 18:26 | Create | Longbowman |
| 18:31 | Build | Farm |
| 18:34 | Build | Farm |
| 18:35 | Create | Villager (Male) |
| 18:51 | Create | Longbowman |
| 18:52 | Create | Villager (Male) |
| 18:55 | Create | Villager (Male) |
| 18:57 | Create | Villager (Male) |
| 19:00 | Create | Villager (Male) |
| 19:06 | Create | Longbowman |
| 19:22 | Create | Longbowman |
| 19:24 | Create | Villager (Male) |
| 19:24 | Create | Villager (Male) |
| 19:24 | Create | Villager (Male) |
| 19:26 | Build | Farm |
| 19:26 | Build | Farm |
| 19:48 | Create | Villager (Male) |
| 19:48 | Create | Villager (Male) |
| 19:56 | Build | Farm |
| 19:58 | Build | Farm |
| 20:02 | Create | Villager (Male) |
| 20:03 | Create | Villager (Male) |
| 20:54 | Create | Villager (Male) |
| 20:54 | Create | Villager (Male) |
| 21:02 | Build | Farm |
| 21:03 | Build | Farm |
| 21:05 | Build | Farm |
| 21:18 | Create | Villager (Male) |
| 21:19 | Create | Villager (Male) |
| 21:23 | Build | Farm |
| 21:24 | Build | Farm |
| 21:36 | Build | Farm |
| 21:42 | Create | Villager (Male) |
| 21:47 | Research | Wheelbarrow |
| 21:49 | Build | House |
| 22:49 | Research | Imperial Age |
| 22:49 | Research | Imperial Age |
| 22:50 | Create | Villager (Male) |
| 22:56 | Create | Longbowman |
| 23:02 | Build | House |
| 23:04 | Build | House |
| 23:11 | Research | Padded Archer Armor |
| 23:15 | Create | Villager (Male) |
| 23:29 | Create | Villager (Male) |
| 23:41 | Create | Longbowman |
| 23:42 | Create | Longbowman |
| 23:42 | Create | Longbowman |
| 23:42 | Create | Longbowman |
| 23:54 | Create | Villager (Male) |
| 24:08 | Research | Bodkin Arrow |
| 24:12 | Create | Villager (Male) |
| 24:18 | Build | House |
| 24:18 | Build | House |
| 24:22 | Create | Longbowman |
| 24:51 | Create | Villager (Male) |
| 25:00 | Create | Longbowman |
| 25:04 | Research | Leather Archer Armor |
| 25:04 | Research | Leather Archer Armor |
| 25:09 | Build | University |
| 25:15 | Create | Villager (Male) |
| 25:19 | Build | House |
| 25:26 | Create | Longbowman |
Build order — Dott_Berlu
First 150 of 497 actions detected
| 0:00 | Create | Villager (Male) |
| 0:01 | Create | Villager (Male) |
| 0:01 | Create | Villager (Male) |
| 0:01 | Create | Villager (Male) |
| 0:01 | Create | Villager (Male) |
| 0:04 | Build | House |
| 0:06 | Build | House |
| 0:24 | Build | House |
| 1:41 | Create | Villager (Male) |
| 1:41 | Create | Villager (Male) |
| 1:59 | Create | Villager (Male) |
| 2:07 | Build | Settlement |
| 2:26 | Create | Villager (Male) |
| 2:26 | Create | Villager (Male) |
| 3:07 | Create | Villager (Male) |
| 3:07 | Create | Villager (Male) |
| 3:08 | Create | Villager (Male) |
| 3:26 | Create | Villager (Male) |
| 4:01 | Create | Villager (Male) |
| 4:20 | Build | Outpost |
| 4:24 | Create | Villager (Male) |
| 4:24 | Create | Villager (Male) |
| 4:48 | Create | Villager (Male) |
| 4:48 | Create | Villager (Male) |
| 5:08 | Build | Settlement |
| 5:22 | Create | Villager (Male) |
| 5:23 | Create | Villager (Male) |
| 5:57 | Create | Villager (Male) |
| 6:05 | Build | Outpost |
| 6:12 | Create | Villager (Male) |
| 6:47 | Create | Villager (Male) |
| 6:53 | Build | Settlement |
| 7:22 | Build | Outpost |
| 7:26 | Create | Villager (Male) |
| 8:07 | Build | Farm |
| 8:10 | Build | Farm |
| 8:16 | Build | Farm |
| 8:20 | Create | Villager (Male) |
| 8:58 | Research | Feudal Age |
| 9:38 | Build | Outpost |
| 10:19 | Create | Villager (Male) |
| 10:20 | Create | Villager (Male) |
| 11:08 | Age | Feudal Age |
| 11:13 | Build | Blacksmith |
| 11:18 | Build | Market |
| 11:59 | Build | Outpost |
| 12:12 | Research | Castle Age |
| 12:27 | Build | Outpost |
| 12:43 | Research | Double-Bit Axe |
| 12:44 | Research | Horse Collar |
| 13:27 | Build | Outpost |
| 14:26 | Create | Villager (Male) |
| 14:51 | Age | Castle Age |
| 14:57 | Build | Outpost |
| 14:58 | Create | Villager (Male) |
| 15:00 | Research | Bow Saw |
| 15:02 | Research | Heavy Plow |
| 15:10 | Build | Town Center |
| 15:19 | Build | Town Center |
| 15:25 | Build | Farm |
| 15:30 | Create | Villager (Male) |
| 15:35 | Build | Farm |
| 15:40 | Build | Farm |
| 15:55 | Build | Outpost |
| 15:58 | Create | Villager (Male) |
| 16:08 | Research | Wheelbarrow |
| 16:28 | Create | Villager (Male) |
| 16:28 | Create | Villager (Male) |
| 16:32 | Build | Farm |
| 16:33 | Build | Farm |
| 16:34 | Create | Villager (Male) |
| 16:48 | Build | Outpost |
| 16:50 | Create | Villager (Male) |
| 16:51 | Create | Villager (Male) |
| 16:55 | Build | Farm |
| 16:56 | Build | Farm |
| 17:04 | Create | Villager (Male) |
| 17:12 | Build | Farm |
| 17:21 | Create | Villager (Male) |
| 17:21 | Create | Villager (Male) |
| 17:37 | Build | Farm |
| 17:39 | Build | Farm |
| 17:41 | Create | Villager (Male) |
| 17:43 | Build | Farm |
| 17:43 | Build | Farm |
| 17:45 | Create | Villager (Male) |
| 18:08 | Build | Outpost |
| 18:10 | Create | Villager (Male) |
| 18:14 | Create | Villager (Male) |
| 18:16 | Build | Farm |
| 18:18 | Build | Farm |
| 18:21 | Build | Farm |
| 18:30 | Create | Villager (Male) |
| 18:30 | Create | Villager (Male) |
| 18:33 | Build | Farm |
| 18:36 | Create | Villager (Male) |
| 18:36 | Create | Villager (Male) |
| 18:52 | Build | Outpost |
| 18:59 | Create | Villager (Male) |
| 18:59 | Create | Villager (Male) |
| 19:03 | Build | House |
| 19:07 | Create | Villager (Male) |
| 19:07 | Create | Villager (Male) |
| 19:20 | Build | Farm |
| 19:21 | Build | Farm |
| 19:26 | Build | Farm |
| 19:27 | Build | Farm |
| 19:27 | Build | Farm |
| 19:29 | Create | Villager (Male) |
| 19:29 | Create | Villager (Male) |
| 19:29 | Create | Villager (Male) |
| 19:33 | Build | House |
| 19:33 | Build | House |
| 19:43 | Build | Outpost |
| 19:48 | Create | Villager (Male) |
| 19:48 | Create | Villager (Male) |
| 19:48 | Create | Villager (Male) |
| 19:49 | Create | Villager (Male) |
| 19:54 | Build | Farm |
| 20:07 | Build | Barracks |
| 20:18 | Create | Villager (Male) |
| 20:18 | Create | Villager (Male) |
| 20:19 | Create | Villager (Male) |
| 20:46 | Build | House |
| 20:47 | Create | Villager (Male) |
| 20:47 | Create | Villager (Male) |
| 20:53 | Create | Villager (Male) |
| 20:58 | Build | Farm |
| 20:58 | Build | Farm |
| 20:59 | Build | Farm |
| 20:59 | Build | Farm |
| 20:59 | Build | Farm |
| 20:59 | Build | Farm |
| 21:08 | Research | Loom |
| 21:17 | Build | Archery Range |
| 21:20 | Build | House |
| 21:20 | Build | House |
| 21:26 | Build | Outpost |
| 21:34 | Create | Villager (Male) |
| 21:35 | Create | Villager (Male) |
| 21:35 | Create | Villager (Male) |
| 21:41 | Research | Town Watch |
| 21:55 | Build | University |
| 21:57 | Build | House |
| 21:58 | Build | House |
| 22:01 | Create | Villager (Male) |
| 22:01 | Create | Villager (Male) |
| 22:01 | Create | Villager (Male) |
| 22:06 | Build | Archery Range |
| 22:22 | Create | Villager (Male) |
Build order — Lethe
First 150 of 443 actions detected
| 0:01 | Create | Villager (Male) ×5 |
| 0:02 | Build | House |
| 0:04 | Build | House |
| 1:20 | Create | Villager (Male) |
| 1:47 | Build | Lumber Camp |
| 2:01 | Create | Villager (Male) |
| 2:21 | Create | Villager (Male) |
| 2:46 | Create | Villager (Male) |
| 3:12 | Create | Villager (Male) |
| 3:14 | Build | Mill |
| 3:30 | Create | Villager (Male) |
| 3:46 | Build | House |
| 3:49 | Create | Villager (Male) |
| 3:58 | Build | House |
| 4:25 | Create | Villager (Male) |
| 4:50 | Create | Villager (Male) |
| 5:09 | Create | Villager (Male) |
| 5:20 | Create | Villager (Male) |
| 5:24 | Build | Palisade Wall |
| 5:25 | Build | Palisade Wall |
| 5:28 | Build | Palisade Wall |
| 5:30 | Build | Palisade Wall |
| 5:37 | Build | Palisade Wall |
| 5:40 | Build | Palisade Wall |
| 5:44 | Build | Palisade Wall |
| 5:47 | Build | Palisade Wall |
| 5:49 | Build | Palisade Wall |
| 5:53 | Build | Palisade Wall |
| 5:57 | Build | Palisade Wall |
| 6:05 | Build | Palisade Gate |
| 6:16 | Create | Villager (Male) |
| 6:39 | Build | Farm |
| 6:48 | Create | Villager (Male) |
| 6:55 | Build | Farm |
| 7:08 | Create | Villager (Male) |
| 7:37 | Create | Villager (Male) |
| 7:40 | Build | Mining Camp |
| 7:46 | Build | House |
| 8:05 | Create | Villager (Male) |
| 8:23 | Research | Feudal Age |
| 8:44 | Create | Villager (Male) |
| 10:18 | Build | Mill |
| 10:33 | Age | Feudal Age |
| 10:38 | Build | Blacksmith |
| 10:43 | Build | Market |
| 10:59 | Create | Villager (Male) |
| 11:32 | Research | Castle Age |
| 11:36 | Research | Double-Bit Axe |
| 12:37 | Create | Villager (Male) |
| 12:40 | Research | Horse Collar |
| 12:44 | Build | Farm |
| 12:48 | Build | Farm |
| 13:57 | Age | Castle Age |
| 14:03 | Build | Town Center |
| 14:20 | Create | Villager (Male) |
| 14:41 | Build | Town Center |
| 14:44 | Create | Villager (Male) |
| 15:12 | Create | Villager (Male) |
| 15:25 | Research | Heavy Plow |
| 15:28 | Research | Bow Saw |
| 15:31 | Create | Villager (Male) |
| 15:38 | Research | Wheelbarrow |
| 15:40 | Create | Villager (Male) |
| 15:42 | Build | Farm |
| 15:53 | Build | Farm |
| 16:00 | Create | Villager (Male) |
| 16:11 | Build | Farm |
| 16:11 | Build | Farm |
| 16:12 | Build | Farm |
| 16:13 | Build | Farm |
| 16:13 | Build | Farm |
| 16:18 | Create | Villager (Male) |
| 16:26 | Build | Farm |
| 16:30 | Build | Farm |
| 16:39 | Create | Villager (Male) |
| 16:52 | Build | Farm |
| 16:53 | Build | Farm |
| 16:53 | Build | Farm |
| 16:53 | Build | Farm |
| 17:18 | Create | Villager (Male) ×2 |
| 17:23 | Build | Farm |
| 17:28 | Build | Farm |
| 17:28 | Build | Farm |
| 17:28 | Build | Farm |
| 17:30 | Create | Villager (Male) |
| 17:44 | Create | Villager (Male) |
| 17:46 | Research | Loom |
| 17:52 | Build | House |
| 17:59 | Create | Villager (Male) |
| 18:12 | Build | Town Center |
| 18:21 | Create | Villager (Male) ×2 |
| 18:28 | Build | House |
| 18:29 | Build | House |
| 18:37 | Create | Villager (Male) |
| 18:40 | Build | Barracks |
| 18:46 | Create | Villager (Male) ×2 |
| 18:51 | Build | Farm |
| 18:57 | Create | Villager (Male) |
| 19:01 | Build | Farm |
| 19:04 | Create | Villager (Male) |
| 19:08 | Build | House |
| 19:10 | Build | Farm |
| 19:14 | Create | Villager (Male) |
| 19:19 | Create | Villager (Male) |
| 19:21 | Build | Farm |
| 19:29 | Create | Villager (Male) |
| 19:38 | Create | Villager (Male) |
| 19:45 | Build | Farm |
| 19:46 | Build | Farm |
| 19:46 | Build | Farm |
| 19:46 | Build | Farm |
| 19:47 | Create | Villager (Male) |
| 19:55 | Create | Villager (Male) |
| 20:01 | Build | Farm |
| 20:02 | Create | Villager (Male) |
| 20:08 | Create | Villager (Male) |
| 20:13 | Build | House |
| 20:19 | Build | House |
| 20:20 | Build | House |
| 20:21 | Create | Villager (Male) ×2 |
| 20:30 | Build | Farm |
| 20:30 | Build | Farm |
| 20:34 | Build | Farm |
| 20:34 | Build | Farm |
| 20:36 | Create | Villager (Male) ×2 |
| 20:39 | Build | Farm |
| 20:46 | Create | Villager (Male) ×2 |
| 20:54 | Create | Villager (Male) |
| 20:57 | Build | House |
| 21:00 | Create | Villager (Male) |
| 21:05 | Create | Villager (Male) |
| 21:10 | Build | Farm |
| 21:13 | Build | Farm |
| 21:14 | Create | Villager (Male) |
| 21:16 | Create | Villager (Male) |
| 21:20 | Create | Villager (Male) |
| 21:29 | Build | Farm |
| 21:29 | Build | Farm |
| 21:30 | Build | Farm |
| 21:30 | Build | Farm |
| 21:30 | Build | Farm |
| 21:31 | Build | Farm |
| 21:32 | Create | Villager (Male) ×2 |
| 21:35 | Build | Farm |
| 21:41 | Build | House |
| 21:42 | Build | House |
| 21:47 | Create | Villager (Male) ×3 |
| 21:51 | Create | Villager (Male) ×2 |
| 22:02 | Create | Villager (Male) |
| 22:17 | Create | Villager (Male) ×4 |
Build order — HSL | LuxRay
First 150 of 401 actions detected
| 0:01 | Create | Villager (Male) |
| 0:03 | Build | House |
| 0:04 | Build | House |
| 0:23 | Create | Villager (Male) |
| 0:31 | Create | Villager (Male) |
| 0:31 | Create | Villager (Male) |
| 1:26 | Create | Villager (Male) |
| 1:47 | Build | Lumber Camp |
| 2:08 | Create | Villager (Male) |
| 2:08 | Create | Villager (Male) |
| 2:14 | Create | Villager (Male) |
| 2:28 | Create | Villager (Male) |
| 3:05 | Create | Villager (Male) |
| 3:30 | Create | Villager (Male) |
| 3:31 | Create | Villager (Male) |
| 3:37 | Create | Villager (Male) |
| 3:51 | Build | House |
| 3:53 | Create | Villager (Male) |
| 4:10 | Create | Villager (Male) |
| 4:33 | Create | Villager (Male) |
| 4:59 | Create | Villager (Male) |
| 5:08 | Build | Mining Camp |
| 5:32 | Research | Loom |
| 6:11 | Research | Feudal Age |
| 7:44 | Build | House |
| 7:52 | Build | Palisade Gate |
| 8:21 | Create | Villager (Male) |
| 8:28 | Age | Feudal Age |
| 8:32 | Build | Watch Tower |
| 8:45 | Create | Villager (Male) |
| 8:52 | Build | Blacksmith |
| 9:15 | Create | Villager (Male) |
| 9:26 | Build | Mill |
| 9:26 | Create | Villager (Male) |
| 9:36 | Research | Fletching |
| 9:49 | Build | House |
| 10:02 | Create | Villager (Male) |
| 10:21 | Build | Watch Tower |
| 10:24 | Create | Villager (Male) |
| 11:02 | Create | Villager (Male) |
| 11:06 | Build | Farm |
| 11:44 | Build | Mill |
| 11:44 | Create | Villager (Male) |
| 11:45 | Create | Villager (Male) |
| 12:16 | Build | Watch Tower |
| 12:26 | Create | Villager (Male) |
| 12:34 | Build | House |
| 13:00 | Create | Villager (Male) |
| 13:02 | Build | Farm |
| 13:06 | Build | Farm |
| 13:11 | Create | Villager (Male) |
| 13:41 | Create | Villager (Male) |
| 14:04 | Build | Watch Tower |
| 14:06 | Create | Villager (Male) |
| 14:18 | Create | Villager (Male) |
| 14:20 | Build | Farm |
| 14:47 | Build | Palisade Wall |
| 14:47 | Build | Palisade Wall |
| 14:48 | Build | Palisade Wall |
| 14:48 | Build | Palisade Wall |
| 14:49 | Build | Palisade Wall |
| 14:50 | Build | Palisade Wall |
| 14:50 | Build | Palisade Wall |
| 14:53 | Build | Palisade Wall |
| 14:54 | Create | Villager (Male) |
| 14:57 | Build | Farm |
| 14:57 | Create | Villager (Male) |
| 15:06 | Build | Watch Tower |
| 15:14 | Create | Villager (Male) |
| 15:17 | Build | House |
| 15:35 | Build | Mining Camp |
| 15:35 | Create | Villager (Male) |
| 15:55 | Create | Villager (Male) |
| 16:02 | Build | House |
| 16:03 | Create | Villager (Male) |
| 16:27 | Create | Villager (Male) |
| 16:30 | Build | Farm |
| 16:41 | Create | Villager (Male) |
| 16:48 | Build | Farm |
| 17:19 | Build | Watch Tower |
| 17:20 | Create | Villager (Male) |
| 17:27 | Create | Villager (Male) |
| 17:30 | Research | Double-Bit Axe |
| 17:34 | Build | House |
| 17:56 | Create | Villager (Male) |
| 18:18 | Build | Market |
| 18:45 | Build | Mill |
| 18:56 | Build | Farm |
| 19:38 | Research | Castle Age |
| 20:09 | Research | Horse Collar |
| 20:13 | Build | Farm |
| 21:06 | Build | Lumber Camp |
| 22:02 | Create | Villager (Male) |
| 22:03 | Research | Gold Mining |
| 22:20 | Age | Castle Age |
| 22:22 | Build | Siege Workshop |
| 22:25 | Build | Monastery |
| 22:26 | Create | Villager (Male) |
| 22:31 | Create | Villager (Male) |
| 22:34 | Build | Mining Camp |
| 22:55 | Create | Battering Ram |
| 23:05 | Create | Monk |
| 23:09 | Build | House |
| 23:10 | Create | Villager (Male) |
| 23:24 | Create | Battering Ram |
| 23:29 | Create | Monk |
| 23:31 | Create | Villager (Male) |
| 23:51 | Build | Monastery |
| 24:23 | Research | Sanctity |
| 24:34 | Create | Monk |
| 24:43 | Create | Villager (Male) |
| 24:47 | Build | House |
| 24:49 | Create | Scorpion |
| 24:53 | Create | Monk |
| 25:20 | Build | House |
| 25:21 | Create | Villager (Male) |
| 25:25 | Create | Battering Ram |
| 25:32 | Research | Redemption |
| 25:33 | Create | Monk |
| 25:38 | Create | Villager (Male) |
| 25:42 | Build | House |
| 25:58 | Create | Battering Ram |
| 26:30 | Create | Battering Ram |
| 26:31 | Create | Villager (Male) |
| 26:38 | Build | Town Center |
| 26:39 | Create | Villager (Male) |
| 26:58 | Create | Scorpion |
| 27:07 | Create | Villager (Male) |
| 28:05 | Create | Villager (Male) |
| 28:15 | Research | Imperial Age |
| 28:19 | Create | Villager (Male) |
| 28:19 | Create | Villager (Male) |
| 28:47 | Create | Villager (Male) |
| 28:56 | Build | Town Center |
| 28:57 | Create | Villager (Male) |
| 29:05 | Build | Town Center |
| 29:11 | Create | Villager (Male) |
| 29:19 | Create | Villager (Male) |
| 29:22 | Research | Heavy Plow |
| 29:25 | Create | Villager (Male) |
| 29:34 | Create | Villager (Male) |
| 29:38 | Create | Villager (Male) |
| 29:42 | Create | Villager (Male) |
| 29:50 | Build | Castle |
| 29:51 | Create | Villager (Male) |
| 30:03 | Create | Villager (Male) |
| 30:05 | Build | Farm |
| 30:07 | Create | Villager (Male) |
| 30:09 | Build | Farm |
| 30:10 | Research | Wheelbarrow |
Build order — CoterLee
First 150 of 603 actions detected
| 0:01 | Create | Villager (Male) |
| 0:02 | Build | House |
| 0:04 | Build | House |
| 0:17 | Create | Villager (Male) |
| 0:17 | Create | Villager (Male) |
| 0:17 | Create | Villager (Male) |
| 0:17 | Create | Villager (Male) |
| 0:17 | Create | Villager (Male) |
| 1:25 | Create | Villager (Male) |
| 1:45 | Build | Lumber Camp |
| 2:24 | Create | Villager (Male) |
| 2:25 | Create | Villager (Male) |
| 2:48 | Create | Villager (Male) |
| 2:48 | Create | Villager (Male) |
| 3:33 | Build | House |
| 4:10 | Create | Villager (Male) |
| 4:11 | Create | Villager (Male) |
| 4:11 | Create | Villager (Male) |
| 4:18 | Build | House |
| 4:29 | Build | House |
| 4:35 | Create | Villager (Male) |
| 5:06 | Build | Mill |
| 5:17 | Create | Villager (Male) |
| 5:17 | Create | Villager (Male) |
| 5:18 | Create | Villager (Male) |
| 6:07 | Create | Villager (Male) |
| 6:07 | Create | Villager (Male) |
| 7:12 | Create | Villager (Male) |
| 7:41 | Research | Feudal Age |
| 7:58 | Build | Farm |
| 8:09 | Build | Farm |
| 8:19 | Build | Farm |
| 8:50 | Build | Palisade Wall |
| 9:03 | Build | Palisade Wall |
| 9:15 | Build | Palisade Wall |
| 9:19 | Create | Villager (Male) |
| 9:59 | Build | Market |
| 10:10 | Build | Palisade Wall |
| 10:15 | Build | Palisade Wall |
| 10:16 | Create | Villager (Male) |
| 10:18 | Create | Villager (Male) |
| 10:39 | Create | Villager (Male) |
| 10:48 | Create | Villager (Male) |
| 10:55 | Build | Palisade Wall |
| 11:07 | Build | Blacksmith |
| 11:13 | Build | Palisade Wall |
| 11:29 | Build | House |
| 11:30 | Build | Palisade Wall |
| 11:32 | Build | Palisade Wall |
| 11:35 | Build | Palisade Wall |
| 11:39 | Research | Castle Age |
| 11:39 | Research | Castle Age |
| 12:09 | Build | Palisade Wall |
| 12:12 | Build | Palisade Wall |
| 12:43 | Build | Mining Camp |
| 13:19 | Build | Gate |
| 13:56 | Research | Loom |
| 14:21 | Create | Villager (Male) |
| 14:26 | Build | Siege Workshop |
| 14:33 | Build | Siege Workshop |
| 14:43 | Build | Town Center |
| 14:47 | Create | Villager (Male) |
| 15:03 | Create | Villager (Male) |
| 15:34 | Create | Mangonel |
| 16:07 | Build | Mining Camp |
| 16:32 | Create | Villager (Male) |
| 16:38 | Create | Villager (Male) |
| 16:38 | Create | Villager (Male) |
| 16:40 | Create | Villager (Male) |
| 17:20 | Create | Villager (Male) |
| 17:27 | Create | Villager (Male) |
| 17:27 | Create | Villager (Male) |
| 17:32 | Create | Villager (Male) |
| 17:44 | Build | Lumber Camp |
| 17:48 | Create | Mangonel |
| 17:51 | Build | House |
| 17:53 | Build | House |
| 17:55 | Build | House |
| 18:11 | Build | House |
| 18:15 | Build | House |
| 18:17 | Create | Villager (Male) |
| 18:41 | Build | House |
| 18:44 | Build | House |
| 18:47 | Build | House |
| 18:51 | Create | Villager (Male) |
| 19:00 | Build | Barracks |
| 19:13 | Build | House |
| 19:16 | Build | House |
| 19:34 | Create | Villager (Male) |
| 19:35 | Create | Villager (Male) |
| 19:44 | Build | Farm |
| 19:45 | Build | Farm |
| 19:46 | Build | Farm |
| 19:47 | Create | Villager (Male) |
| 19:56 | Create | Villager (Male) |
| 20:09 | Build | Mining Camp |
| 20:23 | Create | Spearman |
| 20:33 | Build | Farm |
| 20:34 | Create | Villager (Male) |
| 20:43 | Create | Villager (Male) |
| 20:53 | Create | Spearman |
| 20:59 | Build | Farm |
| 21:00 | Build | Farm |
| 21:12 | Build | Mill |
| 21:14 | Build | Farm |
| 21:16 | Create | Villager (Male) |
| 21:16 | Create | Villager (Male) |
| 21:17 | Create | Villager (Male) |
| 21:17 | Create | Villager (Male) |
| 21:35 | Create | Spearman |
| 21:35 | Create | Villager (Male) |
| 21:40 | Build | Farm |
| 21:43 | Build | Farm |
| 21:58 | Build | Farm |
| 22:01 | Create | Villager (Male) |
| 22:05 | Build | Farm |
| 22:22 | Create | Villager (Male) |
| 22:29 | Create | Mangonel |
| 22:30 | Create | Mangonel |
| 22:42 | Create | Spearman |
| 22:46 | Build | Farm |
| 22:53 | Create | Villager (Male) |
| 22:54 | Build | Farm |
| 23:02 | Create | Spearman |
| 23:12 | Create | Villager (Male) |
| 23:19 | Build | Farm |
| 23:29 | Create | Villager (Male) |
| 23:29 | Create | Villager (Male) |
| 23:37 | Build | Farm |
| 23:45 | Create | Villager (Male) |
| 24:16 | Create | Villager (Male) |
| 24:16 | Create | Villager (Male) |
| 24:17 | Create | Villager (Male) |
| 24:20 | Build | Mill |
| 24:21 | Build | Farm |
| 24:21 | Build | Farm |
| 24:21 | Build | Farm |
| 24:21 | Build | Farm |
| 24:21 | Build | Farm |
| 24:22 | Build | Farm |
| 24:34 | Create | Villager (Male) |
| 24:40 | Create | Villager (Male) |
| 24:50 | Create | Villager (Male) |
| 24:53 | Build | Farm |
| 25:08 | Create | Villager (Male) |
| 25:09 | Create | Villager (Male) |
| 25:26 | Create | Villager (Male) |
| 25:32 | Create | Villager (Male) |
| 25:46 | Build | Mining Camp |
| 25:55 | Research | Wheelbarrow |
Build order — Zaffo
First 150 of 803 actions detected
| 0:01 | Create | Villager (Male) |
| 0:01 | Create | Villager (Male) |
| 0:01 | Create | Villager (Male) |
| 0:02 | Create | Villager (Male) |
| 0:03 | Build | House |
| 0:05 | Build | House |
| 1:21 | Create | Villager (Male) |
| 1:22 | Create | Villager (Male) |
| 1:49 | Build | Lumber Camp |
| 2:05 | Create | Villager (Male) |
| 2:05 | Create | Villager (Male) |
| 2:06 | Create | Villager (Male) |
| 2:06 | Create | Villager (Male) |
| 3:08 | Create | Villager (Male) |
| 3:13 | Create | Villager (Male) |
| 3:13 | Create | Villager (Male) |
| 3:36 | Create | Villager (Male) |
| 3:39 | Build | House |
| 3:40 | Build | House |
| 3:41 | Build | House |
| 4:13 | Create | Villager (Male) |
| 4:13 | Create | Villager (Male) |
| 4:14 | Create | Villager (Male) |
| 4:38 | Create | Villager (Male) |
| 4:38 | Create | Villager (Male) |
| 4:57 | Create | Villager (Male) |
| 5:03 | Build | Palisade Gate |
| 5:06 | Build | Palisade Gate |
| 5:10 | Build | Palisade Gate |
| 5:13 | Build | Palisade Gate |
| 5:35 | Build | Palisade Gate |
| 5:45 | Create | Villager (Male) |
| 5:45 | Create | Villager (Male) |
| 5:45 | Create | Villager (Male) |
| 5:49 | Build | Mill |
| 6:06 | Create | Villager (Male) |
| 6:06 | Create | Villager (Male) |
| 6:33 | Create | Villager (Male) |
| 6:55 | Create | Villager (Male) |
| 6:55 | Create | Villager (Male) |
| 7:17 | Create | Villager (Male) |
| 7:18 | Create | Villager (Male) |
| 7:45 | Create | Villager (Male) |
| 7:46 | Create | Villager (Male) |
| 8:02 | Create | Villager (Male) |
| 9:03 | Build | Farm |
| 9:04 | Build | Farm |
| 9:05 | Build | Farm |
| 9:08 | Build | Farm |
| 9:33 | Research | Feudal Age |
| 9:35 | Build | Mining Camp |
| 10:02 | Create | Villager (Male) |
| 10:02 | Create | Villager (Male) |
| 11:05 | Build | Barracks |
| 12:05 | Age | Feudal Age |
| 12:09 | Build | Stable |
| 12:12 | Build | Market |
| 12:19 | Build | House |
| 12:20 | Build | House |
| 12:21 | Build | House |
| 12:30 | Build | Farm |
| 13:00 | Research | Double-Bit Axe |
| 13:00 | Research | Castle Age |
| 13:12 | Build | Farm |
| 13:22 | Build | Farm |
| 13:39 | Create | Scout Cavalry |
| 13:46 | Build | Farm |
| 14:10 | Create | Scout Cavalry |
| 14:10 | Create | Scout Cavalry |
| 15:01 | Create | Villager (Male) |
| 15:01 | Create | Villager (Male) |
| 15:27 | Create | Scout Cavalry |
| 15:40 | Age | Castle Age |
| 15:44 | Research | Light Cavalry (upgrade) |
| 15:44 | Research | Light Cavalry (upgrade) |
| 15:50 | Build | Town Center |
| 15:54 | Build | Monastery |
| 16:33 | Build | Farm |
| 16:53 | Create | Villager (Male) |
| 16:54 | Create | Villager (Male) |
| 16:54 | Create | Villager (Male) |
| 16:55 | Create | Scout Cavalry |
| 16:56 | Create | Scout Cavalry |
| 16:56 | Create | Scout Cavalry |
| 17:27 | Build | Farm |
| 17:28 | Build | Farm |
| 17:32 | Create | Monk |
| 17:32 | Create | Monk |
| 17:34 | Create | Scout Cavalry |
| 17:34 | Create | Scout Cavalry |
| 17:36 | Create | Villager (Male) |
| 17:39 | Build | Farm |
| 17:40 | Build | Farm |
| 17:44 | Build | Farm |
| 17:48 | Build | Farm |
| 17:51 | Build | Farm |
| 17:53 | Build | Farm |
| 17:54 | Build | Farm |
| 17:56 | Build | Farm |
| 17:57 | Create | Villager (Male) |
| 17:57 | Create | Villager (Male) |
| 18:10 | Build | Farm |
| 18:12 | Create | Villager (Male) |
| 18:12 | Create | Villager (Male) |
| 18:22 | Build | Farm |
| 18:22 | Create | Villager (Male) |
| 18:22 | Create | Villager (Male) |
| 18:22 | Create | Villager (Male) |
| 19:01 | Create | Villager (Male) |
| 19:01 | Create | Villager (Male) |
| 19:01 | Create | Villager (Male) |
| 19:01 | Create | Villager (Male) |
| 19:03 | Create | Villager (Male) |
| 19:05 | Create | Monk |
| 19:30 | Create | Villager (Male) |
| 19:31 | Create | Villager (Male) |
| 19:33 | Create | Scout Cavalry |
| 19:44 | Create | Villager (Male) |
| 19:44 | Create | Villager (Male) |
| 20:18 | Create | Villager (Male) |
| 20:19 | Create | Villager (Male) |
| 20:32 | Build | Town Center |
| 20:39 | Create | Monk |
| 20:40 | Create | Villager (Male) |
| 20:40 | Create | Villager (Male) |
| 20:40 | Create | Villager (Male) |
| 21:06 | Create | Villager (Male) |
| 21:06 | Create | Villager (Male) |
| 21:11 | Build | House |
| 21:11 | Build | House |
| 21:12 | Build | House |
| 21:12 | Build | House |
| 21:13 | Build | House |
| 21:14 | Build | House |
| 21:24 | Create | Villager (Male) |
| 21:24 | Create | Villager (Male) |
| 21:32 | Create | Villager (Male) |
| 21:32 | Create | Villager (Male) |
| 21:38 | Build | Mill |
| 21:39 | Build | Farm |
| 21:39 | Build | Farm |
| 21:39 | Build | Farm |
| 21:40 | Build | Farm |
| 21:40 | Build | Farm |
| 21:40 | Build | Farm |
| 21:41 | Build | Farm |
| 21:42 | Build | Farm |
| 21:43 | Create | Villager (Male) |
| 21:44 | Create | Villager (Male) |
| 21:51 | Build | Farm |
Build order — Melo
First 150 of 913 actions detected
| 0:00 | Create | Villager (Male) ×4 |
| 0:01 | Create | Villager (Male) ×4 |
| 0:02 | Build | House |
| 0:03 | Build | House |
| 1:29 | Create | Villager (Male) |
| 1:49 | Build | Lumber Camp |
| 1:58 | Create | Villager (Male) |
| 1:59 | Create | Villager (Male) |
| 2:13 | Create | Villager (Male) |
| 2:46 | Create | Villager (Male) |
| 3:00 | Create | Villager (Male) |
| 3:37 | Create | Villager (Male) |
| 3:48 | Build | House |
| 3:50 | Build | House |
| 3:59 | Build | House |
| 4:06 | Create | Villager (Male) |
| 4:29 | Create | Villager (Male) |
| 4:48 | Build | Mill |
| 5:04 | Create | Villager (Male) |
| 5:04 | Create | Villager (Male) |
| 5:07 | Create | Villager (Male) |
| 5:30 | Create | Villager (Male) |
| 6:03 | Build | Mill |
| 6:18 | Create | Villager (Male) |
| 6:18 | Create | Villager (Male) |
| 6:18 | Create | Villager (Male) |
| 7:21 | Create | Villager (Male) |
| 7:21 | Create | Villager (Male) |
| 7:37 | Create | Villager (Male) |
| 8:09 | Build | Mining Camp |
| 8:13 | Research | Feudal Age |
| 8:50 | Build | Farm |
| 9:05 | Build | Farm |
| 9:19 | Create | Villager (Male) |
| 9:19 | Create | Villager (Male) |
| 10:04 | Build | Farm |
| 10:29 | Create | Villager (Male) |
| 10:34 | Age | Feudal Age |
| 10:36 | Build | Blacksmith |
| 10:37 | Build | Market |
| 11:25 | Research | Castle Age |
| 11:35 | Build | Farm |
| 12:03 | Research | Double-Bit Axe |
| 12:04 | Research | Horse Collar |
| 12:04 | Research | Horse Collar |
| 12:38 | Build | Farm |
| 14:05 | Age | Castle Age |
| 14:08 | Create | Villager (Male) |
| 14:09 | Create | Villager (Male) |
| 14:11 | Build | Town Center |
| 14:32 | Build | Town Center |
| 14:35 | Create | Villager (Male) |
| 14:59 | Build | Stone Wall |
| 15:01 | Build | Stone Wall |
| 15:07 | Create | Villager (Male) |
| 15:09 | Create | Villager (Male) |
| 15:13 | Create | Villager (Male) |
| 15:24 | Create | Villager (Male) |
| 15:33 | Create | Villager (Male) |
| 15:44 | Create | Villager (Male) |
| 15:47 | Create | Villager (Male) |
| 16:18 | Create | Villager (Male) |
| 16:29 | Research | Loom |
| 16:31 | Create | Villager (Male) |
| 16:31 | Create | Villager (Male) |
| 16:37 | Create | Villager (Male) |
| 16:43 | Build | Farm |
| 16:44 | Build | Farm |
| 16:44 | Build | Farm |
| 16:44 | Build | Farm |
| 16:46 | Create | Villager (Male) |
| 16:46 | Create | Villager (Male) |
| 16:48 | Build | Farm |
| 16:49 | Build | Farm |
| 16:51 | Create | Villager (Male) |
| 17:00 | Build | Siege Workshop |
| 17:17 | Create | Villager (Male) |
| 17:21 | Build | House |
| 17:38 | Create | Villager (Male) |
| 18:02 | Create | Mangonel |
| 18:10 | Build | Stone Wall |
| 18:14 | Build | Stone Wall |
| 18:16 | Create | Villager (Male) |
| 18:18 | Create | Villager (Male) |
| 18:26 | Create | Villager (Male) |
| 18:35 | Build | House |
| 18:38 | Create | Villager (Male) |
| 18:40 | Create | Villager (Male) |
| 18:51 | Create | Villager (Male) |
| 18:52 | Create | Villager (Male) |
| 18:54 | Build | Farm |
| 18:55 | Build | Farm |
| 19:06 | Build | House |
| 19:24 | Create | Villager (Male) |
| 19:32 | Create | Villager (Male) |
| 19:32 | Create | Villager (Male) |
| 19:33 | Create | Villager (Male) |
| 19:39 | Build | Farm |
| 19:40 | Build | Farm |
| 19:40 | Build | Farm |
| 19:40 | Build | Farm |
| 19:40 | Build | Farm |
| 19:41 | Build | Farm |
| 19:41 | Build | Farm |
| 19:43 | Create | Villager (Male) |
| 19:43 | Create | Villager (Male) |
| 20:05 | Build | Castle |
| 20:15 | Create | Villager (Male) |
| 20:16 | Create | Villager (Male) |
| 20:16 | Create | Villager (Male) |
| 20:20 | Build | Farm |
| 20:21 | Build | Farm |
| 20:30 | Create | Villager (Male) |
| 20:53 | Create | Villager (Male) |
| 20:53 | Create | Villager (Male) |
| 21:00 | Build | Mill |
| 21:01 | Build | Farm |
| 21:01 | Build | Farm |
| 21:01 | Build | Farm |
| 21:02 | Build | Farm |
| 21:02 | Build | Farm |
| 21:02 | Build | Farm |
| 21:02 | Build | Farm |
| 21:03 | Build | Farm |
| 21:03 | Create | Villager (Male) |
| 21:23 | Build | Farm |
| 21:24 | Create | Villager (Male) |
| 21:25 | Create | Villager (Male) |
| 21:30 | Create | Villager (Male) |
| 21:30 | Create | Villager (Male) |
| 21:39 | Build | Farm |
| 21:41 | Build | Farm |
| 21:44 | Create | Villager (Male) |
| 21:44 | Create | Villager (Male) |
| 21:51 | Create | Villager (Male) |
| 21:52 | Create | Villager (Male) |
| 21:59 | Create | Villager (Male) |
| 22:10 | Build | Farm |
| 22:11 | Build | Farm |
| 22:12 | Create | Villager (Male) |
| 22:15 | Build | Farm |
| 22:16 | Build | Farm |
| 22:17 | Create | Villager (Male) |
| 22:19 | Create | Villager (Male) |
| 22:19 | Create | Villager (Male) |
| 22:20 | Build | Farm |
| 22:21 | Build | Farm |
| 22:25 | Create | Villager (Male) |
| 22:31 | Create | Villager (Male) |
| 22:31 | Create | Villager (Male) |
Match timeline
| 5:24 | Lethe · wall_segment Palisade Wall x1 |
| 5:25 | Lethe · wall_segment Palisade Wall x1 |
| 5:28 | Lethe · wall_segment Palisade Wall x1 |
| 5:30 | Lethe · wall_segment Palisade Wall x1 |
| 5:37 | Lethe · wall_segment Palisade Wall x1 |
| 5:40 | Lethe · wall_segment Palisade Wall x1 |
| 5:44 | Lethe · wall_segment Palisade Wall x1 |
| 5:47 | Lethe · wall_segment Palisade Wall x1 |
| 5:49 | Lethe · wall_segment Palisade Wall x1 |
| 5:53 | Lethe · wall_segment Palisade Wall x1 |
| 5:57 | Lethe · wall_segment Palisade Wall x1 |
| 8:28 | HSL | LuxRay · age_up feudal |
| 8:50 | CoterLee · wall_segment Palisade Wall x14 |
| 9:03 | CoterLee · wall_segment Palisade Wall x7 |
| 9:15 | CoterLee · wall_segment Palisade Wall x1 |
| 10:06 | Sgt. Love · age_up feudal |
| 10:10 | CoterLee · wall_segment Palisade Wall x4 |
| 10:15 | CoterLee · wall_segment Palisade Wall x5 |
| 10:33 | Lethe · age_up feudal |
| 10:34 | Melo · age_up feudal |
| 10:55 | CoterLee · wall_segment Palisade Wall x5 |
| 10:57 | [GDL] Perro del Mal · age_up feudal |
| 11:05 | Zaffo · first_building Barracks |
| 11:08 | Dott_Berlu · age_up feudal |
| 11:13 | CoterLee · wall_segment Palisade Wall x6 |
| 11:24 | Melo · first_market_sell 100 stone |
| 11:30 | CoterLee · wall_segment Palisade Wall x1 |
| 11:32 | CoterLee · wall_segment Palisade Wall x1 |
| 11:35 | CoterLee · wall_segment Palisade Wall x1 |
| 11:54 | [GDL] Perro del Mal · first_market_sell 100 wood |
| 12:05 | Zaffo · age_up feudal |
| 12:09 | CoterLee · wall_segment Palisade Wall x1 |
| 12:09 | Zaffo · first_building Stable |
| 12:12 | CoterLee · wall_segment Palisade Wall x1 |
| 13:57 | Lethe · age_up castle |
| 14:05 | Melo · age_up castle |
| 14:26 | CoterLee · first_building Siege Workshop |
| 14:36 | Sgt. Love · age_up castle |
| 14:37 | [GDL] Perro del Mal · age_up castle |
| 14:41 | [GDL] Perro del Mal · first_building Castle |
| 14:47 | HSL | LuxRay · wall_segment Palisade Wall x1 |
| 14:47 | HSL | LuxRay · wall_segment Palisade Wall x1 |
| 14:48 | HSL | LuxRay · wall_segment Palisade Wall x1 |
| 14:48 | HSL | LuxRay · wall_segment Palisade Wall x1 |
| 14:49 | HSL | LuxRay · wall_segment Palisade Wall x1 |
| 14:50 | HSL | LuxRay · wall_segment Palisade Wall x1 |
| 14:50 | HSL | LuxRay · wall_segment Palisade Wall x1 |
| 14:51 | Dott_Berlu · age_up castle |
| 14:53 | HSL | LuxRay · wall_segment Palisade Wall x1 |
| 14:59 | Melo · wall_segment Stone Wall x6 |
| 15:01 | Melo · wall_segment Stone Wall x14 |
| 15:06 | Sgt. Love · first_market_buy 100 food |
| 15:40 | Zaffo · age_up castle |
| 15:54 | Zaffo · first_building Monastery |
| 17:00 | Melo · first_building Siege Workshop |
| 18:04 | Sgt. Love · first_building Barracks |
| 18:10 | Melo · wall_segment Stone Wall x3 |
| 18:14 | Melo · wall_segment Stone Wall x3 |
| 18:40 | Lethe · first_building Barracks |
| 18:58 | Dott_Berlu · first_market_buy 100 food |
| 19:00 | CoterLee · first_building Barracks |
| 19:16 | Sgt. Love · first_building Stable |
| 19:32 | Melo · first_market_buy 100 food |
| 20:05 | Melo · first_building Castle |
| 20:07 | Dott_Berlu · first_building Barracks |
| 21:17 | Dott_Berlu · first_building Archery Range |
| 22:02 | [GDL] Perro del Mal · first_market_buy 100 food |
| 22:20 | HSL | LuxRay · age_up castle |
| 22:22 | HSL | LuxRay · first_building Siege Workshop |
| 22:25 | HSL | LuxRay · first_building Monastery |
| 23:27 | Melo · wall_segment Stone Wall x1 |
| 23:31 | Lethe · first_building Monastery |
| 23:49 | Dott_Berlu · first_market_sell 100 food |
| 23:52 | Zaffo · first_market_buy 100 stone |
| 24:33 | Melo · first_building Barracks |
| 25:24 | Sgt. Love · first_market_sell 100 food |
| 25:26 | Lethe · first_building Stable |
| 25:29 | HSL | LuxRay · first_market_sell 100 food |
| 25:31 | Sgt. Love · first_building Monastery |
| 25:59 | [GDL] Perro del Mal · age_up imperial |
| 26:05 | CoterLee · wall_segment Stone Wall x1 |
| 26:07 | Melo · first_building Archery Range |
| 26:16 | Lethe · wall_segment Palisade Wall x1 |
| 26:36 | HSL | LuxRay · first_market_buy 100 wood |
| 27:02 | Sgt. Love · first_building Archery Range |
| 27:10 | Dott_Berlu · first_building Castle |
| 27:23 | Lethe · age_up imperial |
| 27:26 | Melo · wall_segment Stone Wall x2 |
| 27:36 | Dott_Berlu · first_building Monastery |
| 28:11 | CoterLee · first_market_buy 100 wood |
| 28:52 | CoterLee · first_building Monastery |
| 28:55 | Melo · age_up imperial |
| 29:08 | Sgt. Love · age_up imperial |
| 29:49 | CoterLee · first_market_sell 100 stone |
| 29:50 | HSL | LuxRay · first_building Castle |
| 30:08 | Zaffo · first_building Castle |
| 31:07 | Zaffo · age_up imperial |
| 31:22 | Dott_Berlu · age_up imperial |
| 32:05 | HSL | LuxRay · first_building Barracks |
| 33:23 | CoterLee · first_building Stable |
| 33:37 | Lethe · first_building Castle |
| 33:53 | HSL | LuxRay · wall_segment Stone Wall x3 |
| 33:56 | HSL | LuxRay · wall_segment Stone Wall x4 |
| 34:18 | HSL | LuxRay · wall_segment Stone Wall x4 |
| 34:24 | HSL | LuxRay · wall_segment Stone Wall x1 |
| 34:41 | HSL | LuxRay · wall_segment Stone Wall x3 |
| 34:56 | Melo · wall_segment Stone Wall x7 |
| 34:57 | Melo · wall_segment Stone Wall x6 |
| 34:59 | Melo · wall_segment Stone Wall x4 |
| 35:05 | Lethe · first_building Siege Workshop |
| 35:07 | Sgt. Love · tribute_sent a jugador 1 |
| 35:07 | Sgt. Love · tribute_sent a jugador 2 |
| 35:07 | Sgt. Love · tribute_sent a jugador 3 |
| 35:07 | Sgt. Love · tribute_sent a jugador 4 |
| 35:07 | Sgt. Love · tribute_sent a jugador 5 |
| 35:07 | Sgt. Love · tribute_sent a jugador 6 |
| 35:07 | Sgt. Love · tribute_sent a jugador 8 |
| 35:13 | Melo · first_building Stable |
| 36:07 | Melo · wall_segment Stone Wall x3 |
| 36:08 | Melo · wall_segment Stone Wall x4 |
| 36:10 | Lethe · first_building Archery Range |
| 36:13 | Sgt. Love · tribute_sent a jugador 1 |
| 36:13 | Sgt. Love · tribute_sent a jugador 2 |
| 36:13 | Sgt. Love · tribute_sent a jugador 3 |
| 36:13 | Sgt. Love · tribute_sent a jugador 4 |
| 36:13 | Sgt. Love · tribute_sent a jugador 5 |
| 36:13 | Sgt. Love · tribute_sent a jugador 6 |
| 36:13 | Sgt. Love · tribute_sent a jugador 8 |
| 37:37 | Lethe · tribute_sent a jugador 1 |
| 37:37 | Lethe · tribute_sent a jugador 2 |
| 37:37 | Lethe · tribute_sent a jugador 4 |
| 37:37 | Lethe · tribute_sent a jugador 5 |
| 37:37 | Lethe · tribute_sent a jugador 6 |
| 37:37 | Lethe · tribute_sent a jugador 7 |
| 37:37 | Lethe · tribute_sent a jugador 8 |
| 37:49 | HSL | LuxRay · age_up imperial |
| 38:05 | CoterLee · wall_segment Stone Wall x5 |
| 38:42 | Melo · wall_segment Stone Wall x4 |
| 38:42 | Melo · wall_segment Stone Wall x4 |
| 38:49 | Sgt. Love · first_building Castle |
| 40:08 | [GDL] Perro del Mal · first_building Barracks |
| 40:09 | CoterLee · wall_segment Stone Wall x5 |
| 40:10 | CoterLee · wall_segment Stone Wall x11 |
| 41:30 | [GDL] Perro del Mal · first_building Archery Range |
| 41:32 | Zaffo · tribute_sent a jugador 1 |
| 41:32 | Zaffo · tribute_sent a jugador 2 |
| 41:32 | Zaffo · tribute_sent a jugador 3 |
| 41:32 | Zaffo · tribute_sent a jugador 4 |
| 41:32 | Zaffo · tribute_sent a jugador 5 |
| 41:32 | Zaffo · tribute_sent a jugador 7 |
| 41:32 | Zaffo · tribute_sent a jugador 8 |
| 41:35 | Zaffo · tribute_sent a jugador 1 |
| 41:35 | Zaffo · tribute_sent a jugador 2 |
| 41:35 | Zaffo · tribute_sent a jugador 3 |
| 41:35 | Zaffo · tribute_sent a jugador 4 |
| 41:35 | Zaffo · tribute_sent a jugador 5 |
| 41:35 | Zaffo · tribute_sent a jugador 7 |
| 41:35 | Zaffo · tribute_sent a jugador 8 |
| 43:27 | Lethe · first_market_sell 500 food |
| 43:52 | Lethe · first_market_buy 500 wood |
| 44:04 | CoterLee · wall_segment Stone Wall x4 |
| 44:34 | Zaffo · tribute_sent a jugador 1 |
| 44:34 | Zaffo · tribute_sent a jugador 2 |
| 44:34 | Zaffo · tribute_sent a jugador 3 |
| 44:34 | Zaffo · tribute_sent a jugador 4 |
| 44:34 | Zaffo · tribute_sent a jugador 5 |
| 44:34 | Zaffo · tribute_sent a jugador 7 |
| 44:34 | Zaffo · tribute_sent a jugador 8 |
| 45:17 | CoterLee · wall_segment Stone Wall x9 |
| 45:32 | CoterLee · wall_segment Stone Wall x12 |
| 47:17 | Zaffo · tribute_sent a jugador 1 |
| 47:17 | Zaffo · tribute_sent a jugador 2 |
| 47:17 | Zaffo · tribute_sent a jugador 3 |
| 47:17 | Zaffo · tribute_sent a jugador 4 |
| 47:17 | Zaffo · tribute_sent a jugador 5 |
| 47:17 | Zaffo · tribute_sent a jugador 7 |
| 47:17 | Zaffo · tribute_sent a jugador 8 |
| 47:20 | [GDL] Perro del Mal · tribute_sent a jugador 2 |
| 47:20 | [GDL] Perro del Mal · tribute_sent a jugador 3 |
| 47:20 | [GDL] Perro del Mal · tribute_sent a jugador 4 |
| 47:20 | [GDL] Perro del Mal · tribute_sent a jugador 5 |
| 47:20 | [GDL] Perro del Mal · tribute_sent a jugador 6 |
| 47:20 | [GDL] Perro del Mal · tribute_sent a jugador 7 |
| 47:20 | [GDL] Perro del Mal · tribute_sent a jugador 8 |
| 47:32 | CoterLee · wall_segment Stone Wall x4 |
| 47:38 | Lethe · tribute_sent a jugador 1 |
| 47:38 | Lethe · tribute_sent a jugador 2 |
| 47:38 | Lethe · tribute_sent a jugador 4 |
| 47:38 | Lethe · tribute_sent a jugador 5 |
| 47:38 | Lethe · tribute_sent a jugador 6 |
| 47:38 | Lethe · tribute_sent a jugador 7 |
| 47:38 | Lethe · tribute_sent a jugador 8 |
| 47:42 | Lethe · resign |
| 51:22 | HSL | LuxRay · first_building Stable |
| 52:33 | HSL | LuxRay · tribute_sent a jugador 1 |
| 52:33 | HSL | LuxRay · tribute_sent a jugador 2 |
| 52:33 | HSL | LuxRay · tribute_sent a jugador 3 |
| 52:33 | HSL | LuxRay · tribute_sent a jugador 5 |
| 52:33 | HSL | LuxRay · tribute_sent a jugador 6 |
| 52:33 | HSL | LuxRay · tribute_sent a jugador 7 |
| 52:33 | HSL | LuxRay · tribute_sent a jugador 8 |
| 52:34 | Zaffo · tribute_sent a jugador 1 |
| 52:34 | Zaffo · tribute_sent a jugador 2 |
| 52:34 | Zaffo · tribute_sent a jugador 3 |
| 52:34 | Zaffo · tribute_sent a jugador 4 |
| 52:34 | Zaffo · tribute_sent a jugador 5 |
| 52:34 | Zaffo · tribute_sent a jugador 7 |
| 52:34 | Zaffo · tribute_sent a jugador 8 |
| 52:39 | Zaffo · tribute_sent a jugador 1 |
| 52:39 | Zaffo · tribute_sent a jugador 2 |
| 52:39 | Zaffo · tribute_sent a jugador 3 |
| 52:39 | Zaffo · tribute_sent a jugador 4 |
| 52:39 | Zaffo · tribute_sent a jugador 5 |
| 52:39 | Zaffo · tribute_sent a jugador 7 |
| 52:39 | Zaffo · tribute_sent a jugador 8 |
| 54:08 | Sgt. Love · tribute_sent a jugador 1 |
| 54:08 | Sgt. Love · tribute_sent a jugador 2 |
| 54:08 | Sgt. Love · tribute_sent a jugador 3 |
| 54:08 | Sgt. Love · tribute_sent a jugador 4 |
| 54:08 | Sgt. Love · tribute_sent a jugador 5 |
| 54:08 | Sgt. Love · tribute_sent a jugador 6 |
| 54:08 | Sgt. Love · tribute_sent a jugador 8 |
| 55:19 | HSL | LuxRay · wall_segment Stone Wall x20 |
[ AI ANALYSIS · 1 CREDIT ]
What really happened in this match?
Wolo.gg analyzes every decision: build order, eco, micro, common mistakes by bracket. Personalized analysis on WhatsApp or Discord in 30 seconds.
Civ guide
Huns
Perfil
Sgt. Love